 Dungeon Crawl Stone Soup version 0.29.0-11-gd7f09526c8 (webtiles) character file.

Game seed: 5493835997805527644

83 oldmanjim the Vexing (level 4, 0/34 HPs)
             Began as a Gnoll Arcane Marksman on Sept 4, 2022.
             Killed from afar by an orc wizard (10 damage)
             ... with a magic dart
             ... on level 3 of the Dungeon.
             The game lasted 00:08:54 (2309 turns).

oldmanjim the Vexing (Gnoll Arcane Marksman)        Turns: 2309, Time: 00:08:55

Health: 0/34       AC:  3    Str:  9    XL:     4   Next: 44%
Magic:  8/8        EV: 13    Int: 12    God:
Gold:   89         SH:  0    Dex: 15    Spells: 8/9 levels left

rFire   . . .      SeeInvis .   b - +2 whip (venom)
rCold   . . .      Faith    .   (no shield)
rNeg    . . .      Spirit   .   j - +0 leather armour
rPois   .          Reflect  .   (no helmet)
rElec   .          Harm     .   (no cloak)
rCorr   .          Rampage  .   (no gloves)
Will    .....                   (no boots)
Stlth   ++........              (no amulet)
HPRegen 0.11/turn               (no ring)
MPRegen 0.11/turn               (no ring)

@: no status effects
A: fangs 1, strong nose, distributed training
a: no special abilities


You were on level 3 of the Dungeon.
You visited 1 branch of the dungeon, and saw 3 of its levels.

You collected 89 gold pieces.

Inventory:

Hand Weapons
 a - a +1 sling
 b - a +2 whip of venom (weapon)
 f - a +0 falchion of electrocution
Missiles
 k - 10 stones
Armour
 j - a +0 leather armour (worn)
Magical Staves
 i - a staff of earth
Scrolls
 d - a scroll of poison
 g - a scroll of blinking
Potions
 e - a potion of mutation {unknown}
 h - a potion of heal wounds {unknown}
 l - a potion of resistance {unknown}


   Skills:
 + Level 2.8 Fighting
 + Level 1.2 Short Blades
 + Level 1.2 Long Blades
 + Level 1.2 Axes
 + Level 1.2 Maces & Flails
 + Level 1.2 Polearms
 + Level 1.2 Staves
 + Level 4.6 Ranged Weapons
 + Level 1.2 Throwing
 + Level 1.2 Armour
 + Level 4.6 Dodging
 + Level 1.2 Stealth
 + Level 1.2 Shields
 + Level 1.2 Unarmed Combat
 + Level 3.0 Spellcasting
 + Level 1.0 Conjurations
 + Level 5.5 Hexes
 + Level 1.0 Summonings
 + Level 1.0 Necromancy
 + Level 1.0 Translocations
 + Level 1.0 Transmutations
 + Level 1.0 Fire Magic
 + Level 1.0 Ice Magic
 + Level 1.0 Air Magic
 + Level 1.0 Earth Magic
 + Level 1.0 Poison Magic
 + Level 1.3 Invocations
 + Level 1.2 Evocations


You had 8 spell levels left.
You knew the following spells:

 Your Spells              Type           Power      Damage    Failure   Level
a - Slow                  Hex            60%        N/A       3%          1

Your spell library contained the following spells:

 Spells                   Type           Power      Damage    Failure   Level
 Foxfire                  Conj/Fire      16%        2x1d4     22%         1
 Magic Dart               Conj           16%        1d3       22%         1
 Inner Flame              Hex/Fire       9%         N/A       26%         3
 Portal Projectile        Hex/Tloc       18%        N/A       26%         3
 Call Imp                 Summ           4%         N/A       32%         2
 Cause Fear               Hex            7%         N/A       34%         4
 Conjure Flame            Conj/Fire      4%         6-21      54%         3
 Mephitic Cloud           Conj/Pois/Air  4%         N/A       54%         3
 Flame Wave               Conj/Fire      4%         2d5       91%         4


Dungeon Overview and Level Annotations

Branches:
Dungeon (3/15)

Altars:


Innate Abilities, Weirdness & Mutations

You have very sharp teeth.
Your uncanny sense of smell can sniff out nearby items.
Your experience applies equally to all skills.


Message History

You shoot a sling bullet.
Your +2 whip of venom begins to drip with poison!
b - a +2 whip of venom (weapon)
No target in view!
An orc comes into view. It is wielding a +0 flail.
The orc shouts!
You miss something. Your bite misses something. Something hits you.
You closely miss something. Something hits you.
An orc comes into view. It is wielding a +0 short sword.
You barely miss something. Something hits you.
You barely miss something. Something hits you.
You barely miss something. You bite something.
An orc wizard comes into view. It is wielding a +0 dagger.
The orc wizard shouts!
You hit the orc.
The orc is poisoned.
The orc is heavily wounded.
The orc wizard casts a spell.
The orc wizard flickers and vanishes!
You hit the orc but do no damage.
The orc looks as sick as possible!
You bite the orc, but do no damage.
The orc is heavily wounded.
The orc hits you with a +0 flail! The orc attacks as you move away!
The orc hits you with a +0 flail.
You kill the orc!
An orc wizard appears from thin air!
Reactivating autopickup.
The orc wizard hits you with a +3 dagger.
You hit the orc wizard.
The orc wizard is poisoned.
The orc wizard is lightly wounded.
The orc wizard hits you with a +3 dagger.
* * * LOW HITPOINT WARNING * * *
You hit the orc wizard.
The orc wizard looks as sick as possible!
The orc wizard is moderately wounded.
The orc wizard hits you but does no damage.
You closely miss the orc wizard.
The orc wizard is heavily wounded.
The orc wizard casts a spell at you. The magic dart hits you!
You die...

...# #....)...#$..
.#.# #............
##)# #............
##.## #.###o###....
##.)# #.# .
....#####.# #)# ∆
..........# #.####
......##### #.oo.#
...#### ####@#
#....###### #.##
####......######..#
######.........#
###########


You could see an orc wizard (extremely poisoned) and an orc.

Vanquished Creatures
  2 adders (D:2)
  2 worms (D:2)
  3 dart slugs
  2 orcs (D:3)
  5 endoplasms
  2 giant cockroaches
  5 goblins
  5 hobgoblins
  3 jackals (D:1)
  2 kobolds
  3 quokkas
  3 ball pythons
  6 bats
  3 frilled lizards
  A rat (D:1)
47 creatures vanquished.

Notes
Turn   | Place    | Note
-------+----------+-------------------------------------------
     0 | D:1      | oldmanjim the Gnoll Arcane Marksman began the quest for the
                  | Orb.
     0 | D:1      | Reached XP level 1. HP: 17/17 MP: 4/4
   238 | D:1      | Reached XP level 2. HP: 23/23 MP: 3/5
   679 | D:1      | Reached XP level 3. HP: 28/28 MP: 5/7
   981 | D:2      | Reached skill level 1 in Invocations
  1059 | D:2      | Reached skill level 1 in Short Blades
  1059 | D:2      | Reached skill level 1 in Long Blades
  1059 | D:2      | Reached skill level 1 in Axes
  1059 | D:2      | Reached skill level 1 in Maces & Flails
  1059 | D:2      | Reached skill level 1 in Polearms
  1059 | D:2      | Reached skill level 1 in Staves
  1059 | D:2      | Reached skill level 1 in Throwing
  1059 | D:2      | Reached skill level 1 in Armour
  1059 | D:2      | Reached skill level 1 in Stealth
  1059 | D:2      | Reached skill level 1 in Shields
  1059 | D:2      | Reached skill level 1 in Unarmed Combat
  1059 | D:2      | Reached skill level 1 in Evocations
  1382 | D:2      | Reached XP level 4. HP: 34/34 MP: 8/8
  2232 | D:3      | Found a faded altar of an unknown god.
  2254 | D:3      | Reached skill level 1 in Conjurations
  2254 | D:3      | Reached skill level 1 in Summonings
  2254 | D:3      | Reached skill level 1 in Necromancy
  2254 | D:3      | Reached skill level 1 in Translocations
  2254 | D:3      | Reached skill level 1 in Transmutations
  2254 | D:3      | Reached skill level 1 in Fire Magic
  2254 | D:3      | Reached skill level 1 in Ice Magic
  2254 | D:3      | Reached skill level 1 in Air Magic
  2254 | D:3      | Reached skill level 1 in Earth Magic
  2254 | D:3      | Reached skill level 1 in Poison Magic
  2309 | D:3      | Killed from afar by an orc wizard

Illustrated notes

Levels and vault maps discovered:
D:1:      saegor_arrival_fortress, layout_basic
D:2:      layout_loops_ring, serial_rivers, chequers_serial_rivers_micro_e,
          chequers_serial_rivers_small_b, chequers_serial_rivers_small_3,
          chequers_serial_rivers_large_a, chequers_serial_rivers_micro_e,
          chequers_serial_rivers_room_b, kennysheep_pointless_box
D:3:      layout_rooms, basic_ecumenical_altar, grunt_decor_cap,
          minmay_randomly_rotated_circles, uniq_sigmund

Skill      XL: |  1  2  3  4 |
---------------+-------------+-----
Invocations    | 1 |  1.3
Short Blades   | 1 |  1.2
Long Blades    | 1 |  1.2
Axes           | 1 |  1.2
Maces & Flails | 1 |  1.2
Polearms       | 1 |  1.2
Staves         | 1 |  1.2
Throwing       | 1 |  1.2
Armour         | 1 |  1.2
Stealth        | 1 |  1.2
Shields        | 1 |  1.2
Unarmed Combat | 1 |  1.2
Evocations     | 1 |  1.2
Spellcasting   | 3 |  3.0
Conjurations   | 1 |  1.0
Summonings     | 1 |  1.0
Necromancy     | 1 |  1.0
Translocations | 1 |  1.0
Transmutations | 1 |  1.0
Fire Magic     | 1 |  1.0
Ice Magic      | 1 |  1.0
Air Magic      | 1 |  1.0
Earth Magic    | 1 |  1.0
Poison Magic   | 1 |  1.0
Fighting       | |  2.8
Ranged Weapons | |  4.6
Dodging        | |  4.6
Hexes          | |  5.5

Action                   |  1- 3 |  4- 6 || total
-------------------------+-------+-------++-------
Melee: Whip              |    17 |    19 ||    36
       Falchion          |     2 |       ||     2
       Bite              |     2 |     2 ||     4
 Fire: Sling             |   116 |    30 ||   146
 Cast: Slow              |    23 |     3 ||    26
  Use: Scroll            |     1 |       ||     1
 Stab: Sleeping          |       |     1 ||     1
Armor: Robe              |    11 |       ||    11
       Leather armour    |     3 |     2 ||     5
Dodge: Dodged            |    36 |     1 ||    37
